 Dungeon Crawl Stone Soup version 0.31.0-12-g77e489cdc1 (webtiles) character file.

Game seed: 16111498837456239269

28 spaghetti the Chiller (level 3, -2/28 HPs)
             Began as a Naga Ice Elementalist on Mar 3, 2024.
             Killed by divine providence
             ... invoked by an orc priest
              (16 damage)
             ... on level 2 of the Dungeon.
             The game lasted 00:01:07 (1207 turns).

spaghetti the Chiller (Naga Ice Elementalist)       Turns: 1207, Time: 00:01:07

Health: -2/28      AC:  2    Str: 10    XL:     3   Next: 14%
Magic:  4/7        EV:  9    Int: 17    God:
Gold:   32         SH:  0    Dex: 11    Spells: 6/7 levels left

rFire   . . .        (no weapon)
rCold   . . .        (no shield)
rNeg    . . .        a - +0 robe
rPois   +            (no helmet)
rElec   .            (no cloak)
rCorr   .            (no gloves)
SInv    +            (no barding)
Will    .....        (no amulet)
Stlth   ++           (no ring)
HPRegen 0.24/turn    (no ring)
MPRegen 0.10/turn

%: no passive effects
@: very slightly contaminated, very slow
A: AC +1, large, see invisible, deformed body, poison resistance, slowness 2,
spit poison 1, naga tail 1
a: Spit Poison


You were on level 2 of the Dungeon.
You visited 1 branch of the dungeon, and saw 2 of its levels.

You collected 32 gold pieces.

Inventory:

Armour
 a - a +0 robe (worn)
Scrolls
 c - 5 scrolls of identify
 d - 2 scrolls of revelation
Potions
 b - a potion of magic


   Skills:
 - Level 1.5 Dodging
 - Level 3.0 Stealth
 + Level 2.7 Spellcasting
 + Level 4.5 Ice Magic


You had 6 spell levels left.
You knew the following spells:

 Your Spells              Type           Power      Damage    Failure   Level
a - Freeze                Ice            68%        1d8       2%          1

Your spell library contained the following spells:

 Spells                   Type           Power      Damage    Failure   Level
 Frozen Ramparts          Ice            34%        1d6       9%          3
 Ozocubu's Armour         Ice            17%        N/A       9%          3
 Summon Ice Beast         Ice/Summ       9%         N/A       22%         3


Dungeon Overview and Level Annotations

Branches:
Dungeon (2/15)

Altars:


Innate Abilities, Weirdness & Mutations

Your serpentine skin is tough. (AC +1)
You have supernaturally acute eyesight. (SInv)
Armour fits poorly on your strangely shaped body.
Your system is resistant to poisons. (rPois)
You cover ground very slowly.
You can spit poison.
You have a snake-like lower body.


Message History

The orc priest is lightly wounded.
The orc priest hits you with a +0 dagger.
The orc closely misses you.
You closely miss the orc priest.
The orc priest is lightly wounded.
The orc hits you with a +0 short sword.
The orc priest hits you with a +0 dagger.
You are too injured to fight recklessly!
You are too injured to fight recklessly!
You are too injured to fight recklessly!
Unknown command.
Unknown command.
Casting: Freeze (safe; 3% risk of failure)
Confirm with . or Enter, or press ? or * to list all spells.
Aiming: Freeze (safe; 3% risk of failure)
Press: ? - help, Shift-Dir - straight line, f - orc
Aim: an orc, wielding a +0 short sword and wearing a +0 leather armour You miscast Freeze.
You are very lightly contaminated with residual magic.
Nothing appears to happen.
The orc barely misses you.
The orc priest hits you with a +0 dagger.
Casting: Freeze (safe; 3% risk of failure)
Confirm with . or Enter, or press ? or * to list all spells.
Aiming: Freeze (safe; 3% risk of failure)
Press: ? - help, Shift-Dir - straight line, f/p - orc
Aim: an orc, wielding a +0 short sword and wearing a +0 leather armour You freeze the orc!
You kill the orc!
The orc priest hits you with a +0 dagger.
Casting: Freeze (safe; 2% risk of failure)
Confirm with . or Enter, or press ? or * to list all spells.
Aiming: Freeze (safe; 2% risk of failure)
Press: ? - help, Shift-Dir - straight line, f - orc priest
Aim: an orc priest, wielding a +0 dagger (lightly wounded)
You freeze the orc priest.
The orc priest is heavily wounded.
The orc priest calls down the wrath of Beogh upon you.
Beogh smites you!
Ouch! That really hurt!
You die...

#........#.#
.........
#####..####.## #
.........
........†...#
.########
..#....†##### #
#........# .
#>.......#### #.
#...........#####
#.
#.#.............#
#. #
##..#..@)...#.# .
##.#.#o).#.# .
..#.......# . ..
#.......# # ..
#.......#
#.#...#.#
#.......#
##.....##


You could see an orc priest.

Vanquished Creatures
  A dart slug (D:2)
  A ribbon worm (D:2)
  2 orcs (D:2)
  2 endoplasms (D:1)
  A goblin (D:1)
  A hobgoblin (D:1)
  A kobold (D:1)
  2 quokkas (D:1)
  5 ball pythons
  4 bats
  A rat (D:2)
21 creatures vanquished.

Notes
Turn   | Place    | Note
-------+----------+-------------------------------------------
     0 | D:1      | spaghetti the Naga Ice Elementalist began the quest for the
                  | Orb.
     0 | D:1      | Reached XP level 1. HP: 15/15 MP: 3/3
   529 | D:1      | Reached XP level 2. HP: 10/22 MP: 0/5
   680 | D:1      | Found a faded altar of an unknown god.
  1132 | D:2      | Reached XP level 3. HP: 19/28 MP: 2/6
  1207 | D:2      | Killed from afar by an orc priest

Illustrated notes

Levels and vault maps discovered:
D:1:      minmay_arrival_semitransparent, layout_basic,
          ebering_ecumenical_altar_abandoned, amcnicky_mini_pool_small
D:2:      cheibrodos_pilgrimage, layout_loops_ring, basic_altar, uniq_natasha

Action                     || total
---------------------------++-------
  Melee: Unarmed           ||    49
   Cast: Freeze            ||    21
Ability: Spit Poison       ||     4
    Use: Scroll            ||     1
   Stab: Sleeping          ||     3
 Armour: Robe              ||    37
  Dodge: Dodged            ||    42
